 Dungeon Crawl Stone Soup version 0.30.1-11-g7821555f0a (webtiles) character file.

Game seed: 16218284362850435110

4851 fireball365 the Cleaver (level 10, 0/88 HPs)
             Began as a Hill Orc Fighter on Nov 18, 2023.
             Was an Initiate of Gozag.
             Slain by an orc knight
             ... wielding a +0 broad axe
              (23 damage)
             ... in a bailey.
             The game lasted 00:13:32 (8284 turns).

fireball365 the Cleaver (Hill Orc Fighter)          Turns: 8284, Time: 00:13:35

Health: 0/88       AC: 20    Str: 24    XL:     10   Next: 49%
Magic:  10/10      EV:  9    Int: 14    God:    Gozag
Gold:   951        SH:  5    Dex: 14    Spells: 9/9 levels left

rFire   + . .        f - +0 broad axe
rCold   . . .        c - +0 buckler
rNeg    . . .        s - +0 chain mail
rPois   .            r - +0 helmet
rElec   .            (no cloak)
rCorr   .            G - +1 pair of gloves
SInv    .            v - +2 pair of boots
Will    .....        (no amulet) Stlth
                     q - +6 ring of intelligence
HPRegen 0.34/turn    D - +6 ring of dexterity
MPRegen 0.12/turn

%: no passive effects
@: gold aura
A: iridescent scales 1, clumsy 1, fire resistance 1, no potion heal 1
a: Renounce Religion, Potion Petition, Call Merchant, Bribe Branch


You were in a bailey.
You worshipped Gozag.
Gozag was pleased with you.
You visited 1 branch of the dungeon, and saw 8 of its levels.
You also visited: Bailey.

You collected 1053 gold pieces.
You spent 66 gold pieces at shops.
You paid 36 gold pieces to Gozag.

Inventory:

Hand Weapons
 a - a +0 war axe
 f - a +0 broad axe (weapon)
 H - a +0 battleaxe
Missiles
 w - 2 throwing nets
Armour
 b - a +0 scale mail
 c - a +0 buckler (worn)
 r - a +0 helmet (worn)
 s - a +0 chain mail (worn)
 v - a +2 pair of boots (worn)
 G - a +1 pair of gloves (worn)
Jewellery
 l - a ring of resist corrosion
 q - a +6 ring of intelligence (left hand)
 t - an amulet of faith
 D - a +6 ring of dexterity (right hand)
Wands
 y - a wand of roots (9)
 B - a wand of flame (23)
Scrolls
 e - a scroll of noise (quivered) {unknown}
 g - 3 scrolls of fog
 m - a scroll of teleportation
 n - 4 scrolls of vulnerability
 p - 3 scrolls of poison
 u - 2 scrolls of enchant weapon
 x - a scroll of blinking {unknown}
 F - a scroll of amnesia
Potions
 d - 2 potions of might
 i - 3 potions of flight
 k - 2 potions of degeneration
 o - a potion of cancellation
 z - a potion of mutation
 A - a potion of lignification


   Skills:
 + Level 8.1 Fighting
 + Level 13.0 Axes
 + Level 8.9 Armour
 + Level 2.8 Dodging
 + Level 1.3 Stealth
 + Level 5.8 Shields
 + Level 0.7 Evocations


You had 9 spell levels left.
You didn't know any spells.
Your spell library contained the following spells:

 Spells                   Type           Power      Damage    Failure   Level
 Sublimation of Blood     Necr           0%         N/A       93%         2
 Wereblood                Tmut           0%         N/A       93%         2
 Summon Hydra             Summ           0%         N/A       100%        7


Dungeon Overview and Level Annotations

Branches:
Dungeon (8/15)             Temple (0/1) D:6          Bailey (1/1)
   Lair: D:8-11

Altars:
Dithmenos
Elyvilon
Gozag
Sif Muna
Trog

Shops:
D:2 :   D:5 ?


Innate Abilities, Weirdness & Mutations

You are partially covered in iridescent scales. (AC +2)
You are clumsy. (Dex -2)
Your flesh is heat resistant. (rF+)
Potions are less effective at restoring your health.


Message History

The orc knight roars a battlecry!
The orcs go into a battle-frenzy!
You hit the orc knight.
The orc knight is lightly wounded.
You slash the orc knight!
The orc knight is lightly wounded.
The orc knight roars a battlecry!
The orc knight goes into a battle-frenzy!
You closely miss the orc knight.
The orc knight is lightly wounded.
The orc knight hits you but does no damage.
You slash the orc knight!
The orc knight is moderately wounded.
The orc sorcerer shouts, "You are history!"
The orc knight hits you with a +0 battleaxe!
You closely miss the orc knight.
The orc knight is moderately wounded.
You closely miss the gnoll. You hit the orc knight.
The orc knight hits you with a +0 battleaxe!!
You completely miss the orc sorcerer. You closely miss the orc knight.
The orc knight hits you with a +0 battleaxe!
You hit the orc sorcerer.
The orc sorcerer is lightly wounded.
You barely miss the orc knight. The orc knight misses you.
You slash the gnoll!
You kill the gnoll!
You barely miss the orc knight.
You hit the orc sorcerer but do no damage.
The orc sorcerer hits you but does no damage.
The orc knight is distracted by your dazzling golden aura.
The orc knight shouts!
You closely miss the orc knight. You slash the orc knight!
The orc knight is no longer distracted by gold.
You barely miss the orc sorcerer.
The orc sorcerer hits you but does no damage.
The orc knight hits you with a +0 battleaxe!!
* * * LOW HITPOINT WARNING * * *
The orc knight hits you with a +0 broad axe!!
You die...
Your body crumbles into a pile of gold.

#≈≈≈≈≈#.. #≈ #≈≈≈≈≈#.## ###≈
#≈≈≈≈≈~.#. # #.~≈ #≈≈≈≈≈~.# .#
#.~≈ #≈≈≈≈≈~.# ..#####++#.~≈
#≈≈≈≈≈~.######### ...##.....#.~≈
#≈≈≈≈≈~.#..8.8.o#....##.....'...
#≈≈≈≈≈~∩.).....@o._..##..⌠.))...
#≈≈≈≈≈~.#..8.8.o#....##....)'...
#≈≈≈≈≈~.######### ...##.....#.~≈
#≈≈≈≈≈~.#..# ..#####''#.~≈
#≈≈≈≈≈~.#??# .#..)...#.~≈
#≈≈≈≈≈~.#?:+ #..))..#.~≈
#≈≈≈≈≈#.##############...######≈
#≈≈≈≈≈#.[..#...))).8.8.8.# #≈
#≈≈≈≈≈#....'.....#.......# #≈


You could see 2 orc knights and an orc sorcerer (strong).

Vanquished Creatures
  An orc high priest (Bailey)
  Pikel (D:5)
  A hornet (D:7)
  3 yaks (D:8)
  Eustachio (D:6)
  2 steam dragons
  Edmund (D:5)
  2 water moccasins
  5 orc warriors (Bailey)
  An ice beast (D:6)
  A sky beast (D:7)
  2 black bears
  An ogre (D:6)
  2 centaurs
  A phantom (D:7)
  A lemure (D:5)
  A bullfrog (D:7)
  Blork the orc (D:6)
  A kobold brigand (D:7)
  3 scorpions
  3 wights (D:6)
  An electric eel (Bailey)
  A howler monkey (D:6)
  2 jellies
  4 hounds
  A sleepcap (D:4)
  3 iguanas
  Ijyb (D:5)
  Natasha (thrice) (D:4)
  Robin (D:2)
  13 adders
  8 gnolls
  2 white imps
  A worm (D:2)
  2 dart slugs
  7 orcs
  5 bats
  8 endoplasms
  3 giant cockroaches
  23 goblins
  14 hobgoblins
  11 jackals
  6 quokkas
  6 ball pythons
  2 frilled lizards (D:2)
  10 kobolds
  2 rats
175 creatures vanquished.

Notes
Turn   | Place    | Note
-------+----------+-------------------------------------------
     0 | D:1      | fireball365 the Hill Orc Fighter began the quest for the
                  | Orb.
     0 | D:1      | Reached XP level 1. HP: 19/19 MP: 1/1
   148 | D:1      | Reached XP level 2. HP: 27/27 MP: 2/2
   357 | D:1      | Reached skill level 3 in Axes
  1165 | D:2      | Found Cenkuxokh's Book Boutique.
  1193 | D:2      | Reached XP level 3. HP: 29/33 MP: 3/3
  1582 | D:2      | Noticed Robin
  1601 | D:2      | Killed Robin
  1602 | D:2      | Reached XP level 4. HP: 10/40 MP: 4/4
  1809 | D:2      | Reached skill level 4 in Axes
  1809 | D:2      | Reached skill level 1 in Dodging
  2467 | D:3      | Reached XP level 5. HP: 46/46 MP: 5/5
  2573 | D:3      | Reached skill level 5 in Axes
  2894 | D:3      | Reached XP level 6. HP: 53/53 MP: 6/6
  3012 | D:3      | Found a shadowy altar of Dithmenos.
  3013 | D:3      | Found an opulent altar of Gozag.
  3032 | D:3      | Found a bloodstained altar of Trog.
  3038 | D:3      | Reached skill level 5 in Fighting
  3041 | D:3      | Became a worshipper of Gozag Ym Sagoz the Greedy
  3272 | D:4      | Reached skill level 6 in Axes
  3460 | D:4      | Found a white marble altar of Elyvilon.
  3598 | D:4      | Noticed Natasha
  3604 | D:4      | Killed Natasha
  3643 | D:4      | Noticed Natasha
  3653 | D:4      | Killed Natasha
  3729 | D:4      | Reached skill level 5 in Armour
  3729 | D:4      | Reached XP level 7. HP: 51/61 MP: 7/7
  3792 | D:4      | Noticed Natasha
  3802 | D:4      | Killed Natasha
  3987 | D:5      | Entered Level 5 of the Dungeon
  4019 | D:5      | Noticed Ijyb
  4029 | D:5      | Killed Ijyb
  4254 | D:5      | Reached skill level 7 in Axes
  4285 | D:5      | Noticed Pikel
  4304 | D:5      | Killed Pikel
  4305 | D:5      | Reached skill level 8 in Axes
  4305 | D:5      | Reached XP level 8. HP: 51/70 MP: 8/8
  4375 | D:5      | Found Kicuz's Magic Scroll Shop.
  4389 | D:5      | Bought 3 scrolls of identify for 66 gold pieces
  4392 | D:5      | Gained mutation: You are weak. (Str -2) [potion of
                  | mutation]
  4392 | D:5      | Gained mutation: Your flesh is heat resistant. (rF+)
                  | [potion of mutation]
  4392 | D:5      | Gained mutation: Your spells are a little harder to cast,
                  | but a little more powerful. [potion of mutation]
  4393 | D:5      | Lost mutation: You are weak. (Str -2) [potion of mutation]
  4393 | D:5      | Lost mutation: Your spells are a little harder to cast, but
                  | a little more powerful. [potion of mutation]
  4393 | D:5      | Gained mutation: Potions are less effective at restoring
                  | your health. [potion of mutation]
  4393 | D:5      | Gained mutation: You are clumsy. (Dex -2) [potion of
                  | mutation]
  4393 | D:5      | Gained mutation: You are partially covered in iridescent
                  | scales. (AC +2) [potion of mutation]
  4397 | D:5      | Noticed Edmund
  4412 | D:5      | Killed Edmund
  4949 | D:6      | Reached skill level 9 in Axes
  4963 | D:6      | HP: 1/70 [ogre/+0 giant club (17)]
  4968 | D:6      | HP: 1/105 [scorpion (2)]
  4971 | D:6      | Reached skill level 1 in Stealth
  4978 | D:6      | Noticed Eustachio
  4992 | D:6      | Killed Eustachio
  4993 | D:6      | Reached skill level 10 in Axes
  5024 | D:6      | Reached XP level 9. HP: 22/77 MP: 9/9
  5474 | D:6      | Noticed Blork the orc
  5484 | D:6      | Reached skill level 5 in Shields
  5506 | D:6      | Killed Blork the orc
  5550 | D:6      | Found a staircase to the Ecumenical Temple.
  5943 | D:6      | Found a shimmering blue altar of Sif Muna.
  6307 | D:7      | Reached skill level 11 in Axes
  6766 | D:7      | Noticed a hornet
  6772 | D:7      | Paralysed by a hornet for 3 turns
  7203 | D:7      | Killed a hornet
  7301 | D:7      | Reached XP level 10. HP: 80/86 MP: 10/10
  7613 | D:8      | Found a flagged portal.
  7629 | D:8      | Reached skill level 12 in Axes
  7641 | Bailey   | Entered a bailey
  8031 | Bailey   | Noticed an orc high priest
  8044 | Bailey   | Noticed a soul eater
  8048 | Bailey   | Killed an orc high priest
  8264 | Bailey   | Reached skill level 13 in Axes
  8272 | Bailey   | Found an iron altar of Okawaru.
  8272 | Bailey   | Noticed an orc knight
  8272 | Bailey   | Noticed an orc knight
  8272 | Bailey   | Noticed an orc sorcerer
  8284 | Bailey   | Slain by an orc knight

Illustrated notes

Levels and vault maps discovered:
D:1:      nicolae_arrival_washed_ashore, layout_basic
D:2:      layout_loops_corners, serial_shops, shop, uniq_robin
D:3:      layout_rooms, gammafunk_temple_overflow_forgotten
D:4:      layout_cave_pools, elyvilon_altar_3, st_stairs_13, uniq_natasha
D:5:      layout_cave_pods, serial_shops, nicolae_shop_statue_plus, uniq_pikel,
          uniq_edmund, uniq_ijyb
D:6:      layout_basic, kennysheep_mini, minmay_temple_entry_statues,
          corexii_shack, uniq_blork_the_orc, uniq_eustachio
D:7:      layout_gridville
D:8:      wander_river, layout_loops_ring, kennysheep_slug_shrine,
          lair_entry_dummy, enter_bailey_5, minmay_misc_feat_doors, uniq_grum
Bailey:   bailey_axe_of_yendor_kennysheep, bailey

Skill      XL: |  1  2  3  4  5  6  7  8  9 10 |
---------------+-------------------------------+-----
Axes           | 3 4 5 6 8 10 11 13 | 13.0
Fighting       | 4 5 6 7 8 |  8.1
Dodging        | 1 2 |  2.8
Armour         | 4 5 6 8 |  8.9
Shields        | 4 5 |  5.8
Stealth        | 1 |  1.3
Evocations     | |  0.7

Action                     |  1- 3 |  4- 6 |  7- 9 | 10-12 || total
---------------------------+-------+-------+-------+-------++-------
  Melee: War axe           |   112 |   176 |   266 |    83 ||   637
         Broad axe         |       |       |       |    18 ||    18
  Evoke: Wand              |       |       |     5 |       ||     5
    Use: Scroll            |       |     5 |     7 |     5 ||    17
         Potion            |       |       |     5 |       ||     5
   Stab: Distracted        |       |       |     1 |       ||     1
         Invisible         |       |       |     1 |       ||     1
 Armour: Scale mail        |    69 |    54 |       |       ||   123
         Chain mail        |       |   101 |   185 |    43 ||   329
  Dodge: Dodged            |    71 |   113 |   123 |    37 ||   344
  Block: Buckler           |    28 |    59 |    83 |    14 ||   184
